 Dungeon Crawl Stone Soup version 0.31-a0-1172-g9944ec47dd (webtiles) character file.

Game seed: 9463339568683259133

5535 Zonian the Destroyer (level 10, 0/69 HPs)
             Began as a Demigod Conjurer on Dec 10, 2023.
             Slain by a komodo dragon (28 damage)
             ... on level 1 of the Lair of Beasts.
             The game lasted 00:29:10 (12649 turns).

Zonian the Destroyer (Demigod Conjurer)            Turns: 12649, Time: 00:29:11

Health: 0/69       AC: 11    Str:  8    XL:     10   Next: 20%
Magic:  19/25      EV: 15    Int: 32    God:
Gold:   307        SH:  0    Dex: 12    Spells: 13/23 levels left

rFire   . . .        H - +2 dagger (venom) {short}
rCold   + . .        (no shield)
rNeg    . . .        N - +2 ring mail {rPois}
rPois   +            (no helmet)
rElec   .            (no cloak)
rCorr   .            (no gloves)
SInv    .            n - +3 pair of mountain boots {steadfast, rC+}
Will    +....        I - amulet of magic regeneration {@e2}
Stlth   +            b - +5 ring of evasion
HPRegen 0.31/turn    y - +4 ring of slaying
MPRegen 0.59/turn

%: no passive effects
@: no status effects
A: high MP 1, forlorn, divine attributes
a: no special abilities


You were on level 1 of the Lair of Beasts.
You visited 2 branches of the dungeon, and saw 9 of its levels.

You collected 535 gold pieces.
You spent 228 gold pieces at shops.


Innate Abilities, Weirdness & Mutations

You have an increased reservoir of magic. (+10% MP)
You shall have no god before yourself.
Your divine heritage dramatically boosts your attributes as you level up.


   Skills:
 + Level 2.6 Armour
 - Level 2.3 Dodging
 - Level 2.2 Stealth
 + Level 7.2 Spellcasting
 + Level 8.6 Conjurations
 + Level 3.7 Translocations
 + Level 5.2 Air Magic
 + Level 5.2 Poison Magic


You had 13 spell levels left.
You knew the following spells:

 Your Spells              Type           Power      Damage    Failure   Level
a - Magic Dart            Conj           100%       1d8       1%          1
b - Searing Ray           Conj           100%       2d8       1%          2
c - Mephitic Cloud        Conj/Pois/Air  51%        N/A       2%          3
d - Iskenderun's Mystic   Conj/Tloc      50%        2d11      9%          4

Your spell library contained the following spells:

 Spells                   Type           Power      Damage    Failure   Level
 Sting                    Tmut/Pois      100%       1d8       4%          1
 Dazzling Flash           Conj/Hex       78%        N/A       6%          3
 Call Imp                 Summ           22%        N/A       19%         2
 Fulminant Prism          Conj/Hex       19%        3d10      21%         4

Inventory:

Hand Weapons
 c - a +0 hand axe {axe}
   (You found it on level 1 of the Dungeon)
 d - a +0 whip {mace}
   (You took it off a kobold on level 1 of the Dungeon)
 e - a +0 club {mace}
   (You took it off a goblin on level 1 of the Dungeon)
 f - a +0 short sword {short}
   (You found it on level 1 of the Dungeon)
 g - a +0 dagger {short}
   (You took it off a kobold on level 1 of the Dungeon)
 h - a +0 quarterstaff {staff}
   (You found it on level 1 of the Dungeon)
 l - a +1 halberd {polearm}
   (You took it off a wight on level 6 of the Dungeon)
 v - a +2 flail of protection {mace}
   (You took it off an orc on level 5 of the Dungeon)
 z - a +1 flail {mace}
   (You took it off a wight on level 6 of the Dungeon)
 C - a +0 rapier {short}
   (You took it off Eustachio on level 6 of the Dungeon)
 F - a +5 halberd {polearm}
   (You took it off a wight on level 6 of the Dungeon)
 G - a +2 dagger of freezing {short}
   (You took it off a wight on level 6 of the Dungeon)
 H - a +2 dagger of venom (weapon) {short}
   (You took it off a kobold brigand on level 6 of the Dungeon)
 M - a +5 morningstar {mace}
   (You took it off a wight on level 8 of the Dungeon)
Missiles
 u - 30 poisoned darts {throwing}
Armour
 a - a +1 robe
 n - the +3 pair of mountain boots (worn) {steadfast, rC+}
   (You acquired it on level 4 of the Dungeon)

   Steadfast: It prevents involuntary movement, except for blinking,
   teleportation, or banishment.
   rC+:       It protects you from cold.
 N - a +2 ring mail of poison resistance (worn)
   (You found it on level 7 of the Dungeon)
Magical Staves
 s - the staff of Evouhan {rElec rN+ Dex+4 Necro, !astaff}
   (You found it on level 5 of the Dungeon)

   [staff of death]

   Base accuracy: +5 Base damage: 5 Base attack delay: 1.2 This weapon's minimum
   attack delay (0.6) is reached at skill level 12.
   Dex+4:     It affects your dexterity (+4).
   rElec:     It insulates you from electricity.
   rN+:       It protects you from negative energy.
   Necro:     It increases the power of your Necromancy spells.
   It falls into the 'Staves' category.
   It is a one-handed weapon.
Jewellery
 b - a +5 ring of evasion (left hand)
   (You found it on level 4 of the Dungeon)
 o - an amulet of guardian spirit
   (You found it on level 3 of the Dungeon)
 w - the amulet "Boxuvvoi" {Faith rElec Will+ Str+3}
   (You found it on level 1 of the Lair of Beasts)

   [amulet of faith]

   Faith:     It allows you to gain divine favour quickly.
   Str+3:     It affects your strength (+3).
   rElec:     It insulates you from electricity.
   Will+:     It increases your willpower.
 y - a +4 ring of slaying (right hand)
   (You found it on level 5 of the Dungeon)
 B - a ring of protection from cold
   (You found it on level 6 of the Dungeon)
 I - an amulet of magic regeneration (around neck) {@e2}
   (You found it on level 6 of the Dungeon)
Wands
 j - a wand of iceblast (16)
   (You found it on level 4 of the Dungeon)
 m - a wand of paralysis (6)
   (You found it on level 1 of the Lair of Beasts)
 p - a wand of digging (4)
   (You found it on level 3 of the Dungeon)
 O - a wand of flame (23)
   (You found it on level 8 of the Dungeon)
Scrolls
 i - 4 scrolls of teleportation {@r4}
 r - a scroll of fog
 t - a scroll of revelation
 A - a scroll of vulnerability {!r!r}
 Q - a scroll of fear {unknown}
Potions
 k - 2 potions of mutation {!q}
 q - a potion of enlightenment
 x - 3 potions of brilliance
 D - a potion of haste {@q3}
 J - a potion of heal wounds {@q2}
 K - a potion of magic
 L - 4 potions of curing {@q1}
 P - 2 potions of attraction {!q}

Dungeon Overview and Level Annotations

Branches:
Dungeon (8/15) Zot: 24621  Temple (0/1) D:4            Lair (1/5) D:8 Zot: 5180

Shops:
D:7 !   D:8 *

Annotations:
D:3 2 transporters, bmb222's ghost, weakling DsDe

....!......# **,,,*
...........# #..#*
...........# #..# *##
...........#####..###.#***
..................,...,,,*
.....................,,,**
#.#..#..###.###..#.#**,**
######...#**# #.l.#* *** #
#..## ##.@## ##**##..#
#....#
##.##...######P..###
.................#.#####*
........................*
##.#.#..#######.........*
*#####...# #...####P##* *
####..#######..# **#
###..#...#PP###..#


You could see a komodo dragon.


Message History

The searing ray hits the blink frog!
You kill the blink frog!
The searing ray hits the blink frog!
You finish channelling your searing ray.
The blink frog blinks!
Unknown command. 😨 HP[+1] 😨 MP[+1] 😨 HP[+1] MP[+1]
A blink frog is nearby!
A blink frog is nearby!
Unknown command.
You are too injured to fight recklessly!
You are too injured to fight recklessly!
You are too injured to fight recklessly!
Unknown command.
Unknown command.
You are too injured to fight recklessly!
You are too injured to fight recklessly!
Casting: Searing Ray (safe; 1% risk of failure)
Confirm with . or Enter, or press ? or * to list all spells.
Aiming: Magic Dart (safe; 1% risk of failure)
Press: ? - help, Shift-Dir - straight line, f - blink frog
Aim: a blink frog (severely wounded, 100% to hit)
The magic dart hits the blink frog.
Unknown command.
Casting: Magic Dart (safe; 1% risk of failure)
Confirm with . or Enter, or press ? or * to list all spells.
Aiming: Magic Dart (safe; 1% risk of failure)
Press: ? - help, Shift-Dir - straight line, f/p - blink frog
Aim: a blink frog (almost dead, 100% to hit)
The magic dart hits the blink frog.
You kill the blink frog!
Unknown command.
You start resting. 😮 HP[+5] MP[+9]
You regained 5 hp, and now have 39/69 hp.
Your mp is fully restored (25).
You start resting. 😎 HP[+30]
Your hp is fully restored (69).
Unknown command.
You see here a blink frog corpse.
R - a scroll of identify {@r1} Unknown command.
As you read the scroll of identify {@r1}, it crumbles to dust.
E - a potion of degeneration You drop a potion of degeneration {!q@e2}.
Found a stone staircase leading down.
A komodo dragon comes into view.
Casting: Magic Dart (safe; 1% risk of failure)
Confirm with . or Enter, or press ? or * to list all spells.
You can't see any susceptible monsters within range! (Use Z to cast anyway.) Unknown command.
Unknown command.
The magic dart hits the komodo dragon but does no damage. 😎 MP[-1]
You lost 1 mp, and now have 24/25 mp.
Unknown command.
Casting: Magic Dart (safe; 1% risk of failure)
Confirm with . or Enter, or press ? or * to list all spells.
Aiming: Searing Ray (safe; 1% risk of failure)
Press: ? - help, Shift-Dir - straight line, f/p - komodo dragon
Aim: a komodo dragon (87% to hit)
The searing ray hits the komodo dragon but does no damage. (Press . to maintain the ray.) 😎 MP[-1]
You lost 1 mp, and now have 23/25 mp.
Unknown command.
The searing ray hits the komodo dragon. 😎 MP[-1]
You lost 1 mp, and now have 22/25 mp.
Unknown command.
The searing ray hits the komodo dragon.
Unknown command.
The searing ray hits the komodo dragon!
You finish channelling your searing ray.
The komodo dragon bites you!! 😮 HP[-20] MP[-1]
You take 20 damage, and now have 49/69 hp.
MASSIVE DAMAGE!! (PAUSE)
You lost 1 mp, and now have 21/25 mp.
Casting: Searing Ray (safe; 1% risk of failure)
Confirm with . or Enter, or press ? or * to list all spells.
Aiming: Searing Ray (safe; 1% risk of failure)
Press: ? - help, Shift-Dir - straight line, f/p - komodo dragon
Aim: a komodo dragon (moderately wounded, 87% to hit)
The searing ray hits the komodo dragon but does no damage. (Press . to maintain the ray.)
The komodo dragon bites you but does no damage. 😮 HP[+1] MP[-1]
You lost 1 mp, and now have 20/25 mp.
Unknown command.
The searing ray hits the komodo dragon.
The komodo dragon bites you!!
* * * LOW HITPOINT WARNING * * *
😨 HP[-22]
You take 22 damage, and now have 28/69 hp.
MASSIVE DAMAGE!! (PAUSE)
The searing ray hits the komodo dragon.
The komodo dragon bites you!!
You die...

Skill      XL: |  1  2  3  4  5  6  7  8  9 10 |
---------------+-------------------------------+-----
Stealth        | 2 |  2.2
Dodging        | 2 |  2.3
Spellcasting   | 2 3 4 5 6 7 |  7.2
Conjurations   | 4 5 6 7 8 |  8.6
Air Magic      | 1 3 4 5 |  5.2
Poison Magic   | 1 3 4 5 |  5.2
Translocations | 3 |  3.7
Armour         | 2 |  2.6

Action                     |  1- 3 |  4- 6 |  7- 9 | 10-12 || total
---------------------------+-------+-------+-------+-------++-------
  Melee: Short sword       |     6 |    16 |     3 |       ||    25
         Dagger            |       |       |    41 |       ||    41
   Cast: Magic Dart        |   121 |    34 |   151 |     8 ||   314
         Searing Ray       |       |    16 |    60 |     7 ||    83
  Evoke: Wand              |       |       |     9 |     1 ||    10
    Use: Scroll            |     6 |     5 |    10 |     1 ||    22
         Potion            |       |     1 |     3 |       ||     4
   Stab: Sleeping          |     1 |       |       |       ||     1
 Armour: Robe              |    12 |    16 |    58 |       ||    86
         Ring mail         |       |       |    19 |    16 ||    35
  Dodge: Dodged            |    11 |    27 |   131 |    17 ||   186

Levels and vault maps discovered:
D:1:      onia_arrival_mini_spirals, layout_loops_ring,
          shapermc_ecumenical_altar_rom_forum
D:2:      layout_loops_ring, basic_altar, fountainhead, chequers_big_river
D:3:      layout_basic, mainiacjoe_overflow_catwalk_spiral,
          gammafunk_ghost_mausoleum, kennysheep_generic_room_12
D:4:      minmay_general_purpose_star, layout_basic, minmay_temple_entry_wispy,
          nicolae_figureground_pulse
D:5:      layout_loops_ring, grunt_ministairs_12
D:6:      layout_basic, uniq_eustachio
D:7:      layout_basic, nicolae_stop_n_shop_1, dk_noncrumbling_2,
          nicolae_kite_square_tiling_tiny, nrook_uturn, uniq_joseph
D:8:      argonaut_augean_stables, layout_basic, general_overflow_altar,
          nicolae_gozag_zags_fifth_avenue, okawaru_gym_becter, serial_aquarium,
          aquarium_bridge_long_joined [aquarium_subvault_bridge,
          aquarium_subvault_bridge, aquarium_subvault_bridge,
          aquarium_subvault_bridge, aquarium_subvault_wall,
          aquarium_subvault_bridge], aquarium_bridge_square
          [aquarium_subvault_window, aquarium_subvault_wall,
          aquarium_subvault_bridge, aquarium_subvault_balcony],
          aquarium_window_corridor_1, aquarium_window_1, aquarium_view_2a,
          aquarium_view_2c, uniq_maggie
Lair:1:   layout_small_grid, st_stairs_4, lemuel_fruit_fields

Notes
Turn   | Place    | Note
-------+----------+-------------------------------------------
     0 | D:1      | Zonian the Demigod Conjurer began the quest for the Orb.
     0 | D:1      | Reached XP level 1. HP: 14/14 MP: 5/5
     0 | D:1      | magus.rc [v1.9.6]
   324 | D:1      | Reached skill level 2 in Stealth
   367 | D:1      | Reached skill level 2 in Dodging
   388 | D:1      | Reached skill level 2 in Spellcasting
   388 | D:1      | Reached XP level 2. HP: 20/20 MP: 1/7
   528 | D:1      | Got Plato's Exposition on Reformation
  1820 | D:2      | Reached XP level 3. HP: 26/26 MP: 4/8
  1858 | D:2      | Learned a level 2 spell: Searing Ray
  1980 | D:2      | Reached skill level 4 in Conjurations
  2437 | D:3      | Found a transporter.
  2440 | D:3      | Noticed bmb222's ghost (weakling DsDe)
  2964 | D:3      | Found a transporter.
  3364 | D:4      | Reached XP level 4. HP: 33/33 MP: 8/10
  3672 | D:4      | Found a staircase to the Ecumenical Temple.
  3880 | D:4      | Reached skill level 3 in Spellcasting
  4065 | D:4      | Reached XP level 5. HP: 22/38 MP: 7/13
  4145 | D:4      | Reached skill level 5 in Conjurations
  4728 | D:4      | Identified a scroll of acquirement
  4728 | D:4      | Acquired the +3 pair of mountain boots {steadfast, rC+}
  4728 | D:4      | Found the +3 pair of mountain boots {steadfast, rC+}
  4756 | D:5      | Entered Level 5 of the Dungeon
  4767 | D:5      | Noticed an ogre
  4815 | D:5      | Reached XP level 6. HP: 45/45 MP: 8/15
  4980 | D:5      | Reached skill level 4 in Spellcasting
  5042 | D:5      | Identified the staff of Evouhan {rElec rN+ Dex+4 Necro}
  5606 | D:5      | Reached skill level 6 in Conjurations
  5713 | D:5      | Reached XP level 7. HP: 43/50 MP: 8/17
  5950 | D:5      | You pick up a book of Minor Magic and begin reading...
  5950 | D:5      | You add the spells Call Imp and Mephitic Cloud to your
                  | library.
  6379 | D:6      | Reached skill level 5 in Spellcasting
  6735 | D:6      | Learned a level 3 spell: Mephitic Cloud
  6807 | D:6      | Noticed Eustachio
  6813 | D:6      | Killed Eustachio
  6814 | D:6      | Reached skill level 1 in Air Magic
  6814 | D:6      | Reached skill level 1 in Poison Magic
  7236 | D:6      | Reached XP level 8. HP: 48/57 MP: 13/20
  7318 | D:6      | Reached skill level 2 in Air Magic
  7318 | D:6      | Reached skill level 2 in Poison Magic
  7350 | D:6      | Reached skill level 7 in Conjurations
  7972 | D:6      | Reached skill level 6 in Spellcasting
  7972 | D:6      | Reached skill level 3 in Air Magic
  8198 | D:6      | Reached skill level 3 in Poison Magic
  8658 | D:7      | Found Ycieb's Distillery.
  8663 | D:7      | Bought a potion of heal wounds for 60 gold pieces
  8663 | D:7      | Bought a potion of magic for 96 gold pieces
  8663 | D:7      | Bought 2 potions of curing for 72 gold pieces
  9256 | D:7      | Learned a level 4 spell: Iskenderun's Mystic Blast
  9412 | D:7      | Noticed Joseph
  9455 | D:8      | Found a staircase to the Lair.
  9514 | D:8      | Reached XP level 9. HP: 45/61 MP: 16/22
  9554 | D:8      | Reached skill level 1 in Translocations
 10070 | D:8      | Reached skill level 4 in Air Magic
 10070 | D:8      | Reached skill level 4 in Poison Magic
 10130 | D:8      | Reached skill level 8 in Conjurations
 10130 | D:8      | Reached skill level 2 in Translocations
 10367 | D:8      | Noticed a death yak
 10705 | D:7      | Killed Joseph
 10706 | D:7      | Reached skill level 1 in Armour
 11184 | D:8      | Found Gozag's Platinum Reserve.
 11587 | D:8      | Noticed Maggie
 11604 | D:8      | Killed Maggie
 11832 | Lair:1   | Entered Level 1 of the Lair of Beasts
 11884 | Lair:1   | Reached skill level 7 in Spellcasting
 11884 | Lair:1   | Reached skill level 3 in Translocations
 12177 | Lair:1   | Reached skill level 2 in Armour
 12177 | Lair:1   | Reached XP level 10. HP: 62/69 MP: 19/24
 12391 | Lair:1   | Identified the amulet "Boxuvvoi" {Faith rElec Will+ Str+3}
 12443 | Lair:1   | Reached skill level 5 in Air Magic
 12443 | Lair:1   | Reached skill level 5 in Poison Magic
 12649 | Lair:1   | Slain by a komodo dragon

Vanquished Creatures
  Joseph (D:7)
  Maggie (D:8)
  5 blink frogs (Lair:1)
  Eustachio (D:6)
  6 yaks
  A water moccasin (Lair:1)
  2 ice beasts
  A black bear (D:8)
  A sky beast (D:6)
  2 ogres
  2 centaurs
  2 kobold brigands
  4 bullfrogs
  3 scorpions
  13 wights
  3 killer bees (D:8)
  A howler monkey (D:5)
  An orc priest (D:8)
  2 hounds
  3 jellies
  A gnoll bouda (D:6)
  2 sleepcaps
  4 orc wizards
  5 iguanas
  8 gnolls (D:6)
  4 adders
  5 shadow imps
  2 white imps
  2 dart slugs (D:4)
  16 orcs
  4 ball pythons
  6 endoplasms
  3 giant cockroaches
  7 goblins
  7 hobgoblins
  3 jackals (D:3)
  22 kobolds
  7 quokkas
  4 bats
  A frilled lizard (D:1)
  5 rats
173 creatures vanquished.

Vanquished Creatures (collateral kills)
  A howler monkey (D:7)
1 creature vanquished.

Grand Total: 174 creatures vanquished

Table legend:
 A = Non-vault XP
 B = Vault XP
 C = Vault XP percentage of total XP
 D = Non-vault monster count
 E = Vault monster count
 F = Vault count percentage of total count
                 A         B        C        D         E       F
            +---------+---------+-------+---------+---------+-------
      Total |    5717 |    2191 |  27.7 |     160 |      14 |   8.0
            +---------+---------+-------+---------+---------+-------
        D:1 |      33 |       0 |   0.0 |      23 |       0 |   0.0
        D:2 |      35 |       0 |   0.0 |      13 |       0 |   0.0
        D:3 |      40 |       2 |   4.8 |      14 |       1 |   6.7
        D:4 |     245 |      71 |  22.5 |      15 |       2 |  11.8
        D:5 |     481 |     119 |  19.8 |      14 |       2 |  12.5
        D:6 |    1291 |     203 |  13.6 |      31 |       1 |   3.1
        D:7 |     600 |     475 |  44.2 |      19 |       1 |   5.0
        D:8 |    1063 |     977 |  47.9 |      23 |       4 |  14.8
     Lair:1 |    1929 |     344 |  15.1 |       8 |       3 |  27.3
            +---------+---------+-------+---------+---------+-------

Skill      XL: |  1  2  3  4  5  6  7  8  9 10 |
---------------+-------------------------------+-----
Stealth        | 2 |  2.2
Dodging        | 2 |  2.3
Spellcasting   | 2 3 4 5 6 7 |  7.2
Conjurations   | 4 5 6 7 8 |  8.6
Air Magic      | 1 3 4 5 |  5.2
Poison Magic   | 1 3 4 5 |  5.2
Translocations | 3 |  3.7
Armour         | 2 |  2.6

Action                     |  1- 3 |  4- 6 |  7- 9 | 10-12 || total
---------------------------+-------+-------+-------+-------++-------
  Melee: Short sword       |     6 |    16 |     3 |       ||    25
         Dagger            |       |       |    41 |       ||    41
   Cast: Magic Dart        |   121 |    34 |   151 |     8 ||   314
         Searing Ray       |       |    16 |    60 |     7 ||    83
  Evoke: Wand              |       |       |     9 |     1 ||    10
    Use: Scroll            |     6 |     5 |    10 |     1 ||    22
         Potion            |       |     1 |     3 |       ||     4
   Stab: Sleeping          |     1 |       |       |       ||     1
 Armour: Robe              |    12 |    16 |    58 |       ||    86
         Ring mail         |       |       |    19 |    16 ||    35
  Dodge: Dodged            |    11 |    27 |   131 |    17 ||   186

Illustrated notes

Table legend:
 A = Kills in this place as a percentage of kills in the entire game.
 B = Kills by you in this place as a percentage of kills by you in the entire game.
 C = Kills by friends in this place as a percentage of kills by friends in the entire game.
 D = Other kills in this place as a percentage of other kills in the entire game.
 E = Experience gained in this place as a percentage of experience gained in the entire game.
 F = Experience gained in this place divided by the number of levels of this place that you have seen.
                   A       B       C       D       E      F
               +-------+-------+-------+-------+-------+----------------------
         Total | 100.0 | 100.0 | 100.0 |   N/A | 100.0 | 878.7
       Dungeon |  93.7 |  93.6 | 100.0 |   N/A |  71.3 | 704.4
          Lair |   6.3 |   6.4 |   0.0 |   N/A |  28.7 | 2273.0
               +-------+-------+-------+-------+-------+----------------------

Table legend: (Time is in decaauts)
 A = Elapsed time spent in this place.
 B = Non-inter-level travel time spent in this place.
 C = Inter-level travel time spent in this place.
 D = Time resting spent in this place.
 E = Time spent auto-exploring this place.
 F = Levels seen in this place.
 G = Mean time per level.
                   A        B        C        D        E       F      G
               +--------+--------+--------+--------+--------+-----+--------+
         Total |  12658 |  12476 |    182 |   4245 |   6461 |   9 | 1406.4 |
       Dungeon |  11839 |  11657 |    182 |   3945 |   6128 |   8 | 1479.9 |
          Lair |    818 |    818 |      0 |    300 |    333 |   1 |  818.0 |
               +--------+--------+--------+--------+--------+-----+--------+

Top non-repeatable levels by time:
     D:6: 2282 daAuts
     D:8: 1895 daAuts
     D:5: 1617 daAuts
     D:4: 1394 daAuts
     D:1: 1320 daAuts
     D:7: 1279 daAuts
     D:2: 1026 daAuts
     D:3: 1023 daAuts
  Lair:1: 818 daAuts
